Connexion

Gulls vs Wolves

Created - 29 octobre 2023 at 07:51

Goals
1 2 3 T
Gulls 1 1 1 3
Wolves 1 1 0 2
Shots
1 2 3 T
Gulls 10 12 10 32
Wolves 5 9 21 35

GoalsPenalties
1st period
1. Gulls , Dalton Smith 7 (Dmitry Kulikov 20, Mathias Laferriere 8) at 14:25 (PP)
2. Wolves , Tanner Kero 14 (Garrett Mitchell 20, Jamie Devane 11) at 15:49
Jamie Devane (CHI) for Hooking (Minor) at 10:50
Brett Seney (CHI) for Hooking (Minor) at 13:51
2nd period
3. Gulls , Dalton Smith 8 (Mathias Laferriere 9) at 9:56
4. Wolves , Jamie Devane 9 (Garrett Mitchell 21, Tanner Kero 19) at 12:31
Lucas Carlsson (SAN) for Hooking (Minor) at 0:17
3rd period
5. Gulls , Arnaud Durandeau 15 (Dmitry Kulikov 21, Lukas Vejdemo 10) at 12:46 (PP)
Dmitry Kulikov (SAN) for Holding (Minor) at 8:53
Jack Rodewald (CHI) for Hooking (Minor) at 12:28
Linus Olund (SAN) for Interference (Minor) at 14:19
Goalie Stats
Philippe Desrosiers (SAN), 33 saves from 35 shots - (0,943), W, 13-11-2, 60:00 minutes
Felix Sandström (CHI), 29 saves from 32 shots - (0,906), L, 13-9-2, 59:00 minutes
3 StarsOfficial
1 - Dalton Smith (SAN)
2 - Tanner Kero (CHI)
3 - Jamie Devane (CHI)
Referees : Paul Devorski and Brad Watson
Linesman : Dan Schachte and Brian Mach
Game Note
TJ Hensick is injured at 1:29 of 3rd period (Strained Back)
Finance
Level 1 -- Attendance: 1013 (50,65%) -- Ticket Income 60 780 $
Level 2 -- Attendance: 297 (29,70%) -- Ticket Income 14 850 $
Total Attendance: 1310 (43,67%)
Total Ticket Income: 75 630 $
Other Income: 15 126 $
Total Income: 90 756 $



Team Name Goals Shots Shots Attemp Shots Blocked PIM HIT PP PK FO%
Gulls 3327276172 / 3 (67%)047%
Wolves 23573136180 / 3 (0%)253%

Gulls
Player Name POS G A P +/- PIM HIT SHT SB MP PP MP PP SHT PK MP PK SHT FO% FOT
Alex LimogesC/LW0000012020:101:1013:44053% 30
Arnaud DurandeauLW101000108:551:1014:0700% 0
Calvin ThurkaufC/LW000-2033017:130:0001:36045% 20
Dalton SmithLW20210210018:511:4120:000100% 1
Dmitry KulikovD022-1221119:241:1711:2200% 0
Dylan SikuraC/LW/RW000-2010022:500:0000:20060% 5
Gustav BourammanD0001000015:140:0000:0000% 0
Johan SodergranRW000000000:000:0000:0000% 0
Linus OlundC0001213019:161:4100:37037% 27
Lucas CarlssonD000-1201123:171:3402:3200% 0
Lukas VejdemoC/LW/RW011-2022117:231:1000:0000% 0
Mathias LaferriereRW0221032019:521:4101:30033% 3
Mirco MuellerD000-1012224:321:3413:4600% 0
Phil Di GiuseppeLW/RW0000012015:350:0000:0000% 0
Ryan SheaD000-1001120:261:1712:2300% 0
Sam KurkerRW000000103:380:0000:0000% 0
TJ HensickC/RW0000001010:190:0000:0000% 0
Trevor MurphyD0001000117:050:0001:5100% 0
Wolves
Player Name POS G A P +/- PIM HIT SHT SB MP PP MP PP SHT PK MP PK SHT FO% FOT
Adam HelewkaLW000001006:170:0000:000100% 1
Artur GavrusC/LW000-1011011:550:0000:00067% 3
Brett SeneyLW0000202223:173:4121:04075% 4
David CottonC000000207:490:0001:26090% 10
Garrett MitchellRW0222002016:432:1600:0000% 0
Gregory HofmannC/LW0000018023:483:4111:34043% 35
Jack RodewaldRW0000213022:383:4110:25050% 2
Jamie DevaneLW1122232016:422:1600:0000% 2
Jens LookeLW/RW000000007:050:0000:4800% 0
Louie BelpedioD0000010216:280:0000:0000% 0
Mark JankowskiC000-1023011:550:0000:00064% 11
Matt TennysonD0000002120:262:1621:0900% 0
Mitchell Vande SompelD0001003223:063:4111:4200% 0
Radim SimekD0001032323:063:4111:4200% 0
Ryan StantonD0000041020:262:1611:0900% 0
Scott KosmachukRW000-1001111:490:0000:0000% 2
Tanner KeroC/LW1122002017:082:1600:25050% 16
Tommy CrossD0000011216:280:0000:0000% 0



Play-by-Play

1st period


0:01 of 1st period - Calvin Thurkauf wins face-off versus Gregory Hofmann in neutral zone.
0:03 of 1st period - Mirco Mueller is hit by Radim Simek and loses puck.
0:11 of 1st period - Icing by Jack Rodewald.
0:12 of 1st period - Gregory Hofmann wins face-off versus Mathias Laferriere in Wolves zone.
0:21 of 1st period - Dmitry Kulikov is hit by Gregory Hofmann and loses puck.
1:50 of 1st period - Shot by Calvin Thurkauf.
1:50 of 1st period - Stopped by Felix Sandström without a rebound.
1:51 of 1st period - Artur Gavrus wins face-off versus Calvin Thurkauf in Wolves zone.
2:08 of 1st period - Shot by Calvin Thurkauf.
2:08 of 1st period - Shot Misses the Net.
2:10 of 1st period - Shot by Mirco Mueller.
2:10 of 1st period - Stopped by Felix Sandström without a rebound.
2:11 of 1st period - Tanner Kero wins face-off versus Linus Olund in Wolves zone.
2:26 of 1st period - Shot by Tanner Kero.
2:26 of 1st period - Shot Misses the Net.
3:18 of 1st period - Shot by Mirco Mueller.
3:18 of 1st period - Shot Misses the Net.
3:20 of 1st period - Shot by Lukas Vejdemo.
3:20 of 1st period - Stopped by Felix Sandström without a rebound.
3:21 of 1st period - Alex Limoges wins face-off versus Mark Jankowski in Wolves zone.
3:52 of 1st period - Icing by Gustav Bouramman.
3:53 of 1st period - Adam Helewka wins face-off versus Alex Limoges in Gulls zone.
6:31 of 1st period - Icing by Mitchell Vande Sompel.
6:32 of 1st period - Dylan Sikura wins face-off versus Jamie Devane in Wolves zone.
6:45 of 1st period - Shot by Tanner Kero.
6:45 of 1st period - Stopped by Philippe Desrosiers without a rebound.
6:46 of 1st period - Alex Limoges wins face-off versus Artur Gavrus in Gulls zone.
7:27 of 1st period - Icing by Tommy Cross.
7:28 of 1st period - Mark Jankowski wins face-off versus Linus Olund in Wolves zone.
8:40 of 1st period - Off-side.
8:41 of 1st period - Gregory Hofmann wins face-off versus Alex Limoges in neutral zone.
9:54 of 1st period - Shot by Sam Kurker.
9:54 of 1st period - Deflect By Arnaud Durandeau.
9:54 of 1st period - Shot Misses the Net.
10:20 of 1st period - Shot by Scott Kosmachuk.
10:20 of 1st period - Shot Blocked by Ryan Shea.
10:22 of 1st period - Shot by Tommy Cross.
10:22 of 1st period - Shot Misses the Net.
10:33 of 1st period - Icing by Arnaud Durandeau.
10:34 of 1st period - Dylan Sikura wins face-off versus Tanner Kero in Gulls zone.
10:50 of 1st period - Minor Penalty to Jamie Devane for Hooking.
10:51 of 1st period - Brett Seney wins face-off versus Linus Olund in Wolves zone.
11:24 of 1st period - Shot by Mirco Mueller.
11:24 of 1st period - Stopped by Felix Sandström without a rebound.
11:25 of 1st period - Brett Seney wins face-off versus Alex Limoges in Wolves zone.
11:52 of 1st period - Shot by Alex Limoges.
11:52 of 1st period - Shot Blocked by Brett Seney.
11:54 of 1st period - Shot by Alex Limoges.
11:54 of 1st period - Stopped by Felix Sandström without a rebound.
11:55 of 1st period - Jack Rodewald wins face-off versus Linus Olund in Wolves zone.
11:55 of 1st period - Jack Rodewald is hit by Dalton Smith.
12:19 of 1st period - Shot by Linus Olund.
12:19 of 1st period - Shot Misses the Net.
12:52 of 1st period - Icing by Louie Belpedio.
12:53 of 1st period - Mark Jankowski wins face-off versus Alex Limoges in Wolves zone.
13:08 of 1st period - Shot by Mark Jankowski.
13:08 of 1st period - Stopped by Philippe Desrosiers without a rebound.
13:09 of 1st period - Calvin Thurkauf wins face-off versus Tanner Kero in Gulls zone.
13:09 of 1st period - Dylan Sikura is hit by Jamie Devane and loses puck.
13:40 of 1st period - Shot by Jamie Devane.
13:40 of 1st period - Shot Blocked by Trevor Murphy.
13:51 of 1st period - Minor Penalty to Brett Seney for Hooking.
13:52 of 1st period - Linus Olund wins face-off versus David Cotton in Wolves zone.
13:59 of 1st period - Shot by Lucas Carlsson.
13:59 of 1st period - Deflect By Dalton Smith.
13:59 of 1st period - Stopped by Felix Sandström without a rebound.
14:00 of 1st period - David Cotton wins face-off versus Linus Olund in Wolves zone.
14:00 of 1st period - David Cotton is hit by Mathias Laferriere.
14:09 of 1st period - Linus Olund is hit by Ryan Stanton and loses puck.
14:23 of 1st period - Shot by Dmitry Kulikov.
14:23 of 1st period - Stopped by Felix Sandström with a rebound.
14:25 of 1st period - Shot by Dalton Smith.
14:25 of 1st period - Goal by Dalton Smith - Gulls : 1 - Wolves : 0.
14:26 of 1st period - Alex Limoges wins face-off versus Mark Jankowski in neutral zone.
14:26 of 1st period - Phil Di Giuseppe is hit by Artur Gavrus and loses puck.
14:49 of 1st period - Shot by Alex Limoges.
14:49 of 1st period - Stopped by Felix Sandström without a rebound.
14:50 of 1st period - Calvin Thurkauf wins face-off versus Gregory Hofmann in Wolves zone.
15:45 of 1st period - Shot by Jamie Devane.
15:45 of 1st period - Shot Misses the Net.
15:47 of 1st period - Shot by Garrett Mitchell.
15:47 of 1st period - Deflect By Tanner Kero.
15:47 of 1st period - Shot Misses the Net.
15:49 of 1st period - Shot by Tanner Kero.
15:49 of 1st period - Goal by Tanner Kero - Gulls : 1 - Wolves : 1.
15:50 of 1st period - David Cotton wins face-off versus Linus Olund in neutral zone.
16:09 of 1st period - Shot by Dalton Smith.
16:09 of 1st period - Stopped by Felix Sandström with a rebound.
16:11 of 1st period - Shot by Mathias Laferriere.
16:11 of 1st period - Shot Blocked by Louie Belpedio.
16:31 of 1st period - Shot by David Cotton.
16:31 of 1st period - Shot Misses the Net.
18:20 of 1st period - Shot by Brett Seney.
18:20 of 1st period - Shot Misses the Net.
19:23 of 1st period - Shot by Artur Gavrus.
19:23 of 1st period - Deflect By Mark Jankowski.
19:23 of 1st period - Stopped by Philippe Desrosiers with a rebound.
19:29 of 1st period - Shot by Artur Gavrus.
19:29 of 1st period - Shot Misses the Net.
19:31 of 1st period - Shot by Artur Gavrus.
19:31 of 1st period - Shot Blocked by Mirco Mueller.
19:33 of 1st period - Shot by Louie Belpedio.
19:33 of 1st period - Shot Misses the Net.
19:51 of 1st period - Shot by David Cotton.
19:51 of 1st period - Stopped by Philippe Desrosiers with a rebound.
Goals for this period are 1 for Gulls vs 1 for Wolves.
Shots for this period are 10 for Gulls vs 5 for Wolves.

2nd period


0:01 of 2nd period - Gregory Hofmann wins face-off versus Calvin Thurkauf in neutral zone.
0:08 of 2nd period - Shot by Gregory Hofmann.
0:08 of 2nd period - Stopped by Philippe Desrosiers without a rebound.
0:09 of 2nd period - Tanner Kero wins face-off versus Dylan Sikura in Gulls zone.
0:17 of 2nd period - Minor Penalty to Lucas Carlsson for Hooking.
0:18 of 2nd period - Alex Limoges wins face-off versus Gregory Hofmann in Gulls zone.
0:30 of 2nd period - Icing by Jack Rodewald.
0:31 of 2nd period - Gregory Hofmann wins face-off versus Alex Limoges in Wolves zone.
2:10 of 2nd period - Shot by Gregory Hofmann.
2:10 of 2nd period - Shot Blocked by Dmitry Kulikov.
2:12 of 2nd period - Shot by Radim Simek.
2:12 of 2nd period - Stopped by Philippe Desrosiers without a rebound.
2:13 of 2nd period - Tanner Kero wins face-off versus Alex Limoges in Gulls zone.
2:22 of 2nd period - Mark Jankowski is hit by Lukas Vejdemo and loses puck.
2:40 of 2nd period - Shot by Mark Jankowski.
2:40 of 2nd period - Stopped by Philippe Desrosiers with a rebound.
2:42 of 2nd period - Shot by Mark Jankowski.
2:42 of 2nd period - Shot Misses the Net.
2:48 of 2nd period - Shot by Scott Kosmachuk.
2:48 of 2nd period - Shot Blocked by Lukas Vejdemo.
3:09 of 2nd period - Off-side.
3:10 of 2nd period - David Cotton wins face-off versus Linus Olund in neutral zone.
3:12 of 2nd period - Off-side.
3:13 of 2nd period - Linus Olund wins face-off versus Gregory Hofmann in neutral zone.
3:26 of 2nd period - Shot by Jack Rodewald.
3:26 of 2nd period - Shot Blocked by Mirco Mueller.
4:13 of 2nd period - Icing by Matt Tennyson.
4:14 of 2nd period - Alex Limoges wins face-off versus Jamie Devane in Wolves zone.
4:42 of 2nd period - Off-side.
4:43 of 2nd period - Artur Gavrus wins face-off versus Calvin Thurkauf in neutral zone.
4:43 of 2nd period - Artur Gavrus is hit by Dylan Sikura.
5:36 of 2nd period - Alex Limoges is hit by Mark Jankowski and loses puck.
5:58 of 2nd period - Shot by Alex Limoges.
5:58 of 2nd period - Shot Blocked by Mitchell Vande Sompel.
6:06 of 2nd period - Shot by Phil Di Giuseppe.
6:06 of 2nd period - Shot Blocked by Radim Simek.
7:09 of 2nd period - Icing by Tanner Kero.
7:10 of 2nd period - Tanner Kero wins face-off versus Calvin Thurkauf in Wolves zone.
7:27 of 2nd period - Gustav Bouramman is hit by Ryan Stanton and loses puck.
8:12 of 2nd period - Shot by Alex Limoges.
8:12 of 2nd period - Shot Blocked by Radim Simek.
8:14 of 2nd period - Shot by Alex Limoges.
8:14 of 2nd period - Shot Misses the Net.
8:18 of 2nd period - Shot by Phil Di Giuseppe.
8:18 of 2nd period - Shot Blocked by Brett Seney.
8:42 of 2nd period - Shot by Dalton Smith.
8:42 of 2nd period - Deflect By Linus Olund.
8:42 of 2nd period - Stopped by Felix Sandström with a rebound.
9:00 of 2nd period - Shot by Dalton Smith.
9:00 of 2nd period - Stopped by Felix Sandström without a rebound.
9:01 of 2nd period - Dylan Sikura wins face-off versus Mark Jankowski in Wolves zone.
9:10 of 2nd period - Shot by Dylan Sikura.
9:10 of 2nd period - Shot Misses the Net.
9:12 of 2nd period - Shot by Mirco Mueller.
9:12 of 2nd period - Shot Blocked by Tommy Cross.
9:28 of 2nd period - Shot by Dylan Sikura.
9:28 of 2nd period - Shot Misses the Net.
9:30 of 2nd period - Shot by Lucas Carlsson.
9:30 of 2nd period - Shot Blocked by Scott Kosmachuk.
9:32 of 2nd period - Shot by Mirco Mueller.
9:32 of 2nd period - Shot Misses the Net.
9:47 of 2nd period - Tommy Cross is hit by Dalton Smith and loses puck.
9:56 of 2nd period - Shot by Mathias Laferriere.
9:56 of 2nd period - Deflect By Dalton Smith.
9:56 of 2nd period - Goal by Dalton Smith - Gulls : 2 - Wolves : 1.
9:57 of 2nd period - David Cotton wins face-off versus Alex Limoges in neutral zone.
10:03 of 2nd period - Matt Tennyson is hit by Phil Di Giuseppe.
10:47 of 2nd period - Shot by Dalton Smith.
10:47 of 2nd period - Shot Misses the Net.
10:49 of 2nd period - Shot by Mathias Laferriere.
10:49 of 2nd period - Stopped by Felix Sandström with a rebound.
10:51 of 2nd period - Shot by Linus Olund.
10:51 of 2nd period - Shot Misses the Net.
10:53 of 2nd period - Shot by Mathias Laferriere.
10:53 of 2nd period - Shot Misses the Net.
10:58 of 2nd period - Icing by Ryan Stanton.
10:59 of 2nd period - David Cotton wins face-off versus Calvin Thurkauf in Wolves zone.
11:01 of 2nd period - Icing by Adam Helewka.
11:02 of 2nd period - David Cotton wins face-off versus Calvin Thurkauf in Wolves zone.
11:09 of 2nd period - Shot by Lucas Carlsson.
11:09 of 2nd period - Stopped by Felix Sandström with a rebound.
11:29 of 2nd period - Shot by Calvin Thurkauf.
11:29 of 2nd period - Stopped by Felix Sandström without a rebound.
11:30 of 2nd period - Linus Olund wins face-off versus Gregory Hofmann in Wolves zone.
11:33 of 2nd period - Shot by Dalton Smith.
11:33 of 2nd period - Shot Misses the Net.
11:35 of 2nd period - Shot by Gustav Bouramman.
11:35 of 2nd period - Shot Misses the Net.
11:37 of 2nd period - Shot by Mathias Laferriere.
11:37 of 2nd period - Stopped by Felix Sandström without a rebound.
11:38 of 2nd period - Linus Olund wins face-off versus Gregory Hofmann in Wolves zone.
11:49 of 2nd period - Shot by Dmitry Kulikov.
11:49 of 2nd period - Shot Misses the Net.
11:55 of 2nd period - Shot by Dalton Smith.
11:55 of 2nd period - Stopped by Felix Sandström without a rebound.
11:56 of 2nd period - Calvin Thurkauf wins face-off versus Tanner Kero in Wolves zone.
12:21 of 2nd period - Shot by Calvin Thurkauf.
12:21 of 2nd period - Shot Misses the Net.
12:29 of 2nd period - Shot by Garrett Mitchell.
12:29 of 2nd period - Stopped by Philippe Desrosiers with a rebound.
12:31 of 2nd period - Shot by Jamie Devane.
12:31 of 2nd period - Goal by Jamie Devane - Gulls : 2 - Wolves : 2.
12:32 of 2nd period - Linus Olund wins face-off versus Gregory Hofmann in neutral zone.
12:59 of 2nd period - Shot by Dalton Smith.
12:59 of 2nd period - Stopped by Felix Sandström without a rebound.
13:00 of 2nd period - Alex Limoges wins face-off versus Mark Jankowski in Wolves zone.
13:16 of 2nd period - Off-side.
13:17 of 2nd period - Tanner Kero wins face-off versus Calvin Thurkauf in neutral zone.
13:17 of 2nd period - Tanner Kero is hit by Calvin Thurkauf.
13:25 of 2nd period - Shot by Jamie Devane.
13:25 of 2nd period - Stopped by Philippe Desrosiers without a rebound.
13:26 of 2nd period - Calvin Thurkauf wins face-off versus Gregory Hofmann in Gulls zone.
13:35 of 2nd period - Gregory Hofmann is hit by Calvin Thurkauf and loses puck.
13:39 of 2nd period - Jack Rodewald is hit by Mirco Mueller and loses puck.
14:02 of 2nd period - Shot by Gregory Hofmann.
14:02 of 2nd period - Stopped by Philippe Desrosiers without a rebound.
14:03 of 2nd period - Dalton Smith wins face-off versus Tanner Kero in Gulls zone.
14:12 of 2nd period - Shot by Ryan Shea.
14:12 of 2nd period - Shot Misses the Net.
14:29 of 2nd period - Shot by Jamie Devane.
14:29 of 2nd period - Shot Misses the Net.
15:17 of 2nd period - Shot by TJ Hensick.
15:17 of 2nd period - Stopped by Felix Sandström without a rebound.
15:18 of 2nd period - Calvin Thurkauf wins face-off versus Gregory Hofmann in Wolves zone.
15:27 of 2nd period - Shot by Calvin Thurkauf.
15:27 of 2nd period - Shot Blocked by Matt Tennyson.
15:48 of 2nd period - Shot by Calvin Thurkauf.
15:48 of 2nd period - Stopped by Felix Sandström without a rebound.
15:49 of 2nd period - Mark Jankowski wins face-off versus Linus Olund in Wolves zone.
15:49 of 2nd period - Mark Jankowski is hit by Mathias Laferriere.
16:04 of 2nd period - Ryan Shea is hit by Louie Belpedio and loses puck.
16:49 of 2nd period - Shot by TJ Hensick.
16:49 of 2nd period - Shot Misses the Net.
16:51 of 2nd period - Shot by Phil Di Giuseppe.
16:51 of 2nd period - Stopped by Felix Sandström without a rebound.
16:52 of 2nd period - Calvin Thurkauf wins face-off versus Gregory Hofmann in Wolves zone.
16:56 of 2nd period - Icing by Ryan Stanton.
16:57 of 2nd period - Gregory Hofmann wins face-off versus Calvin Thurkauf in Wolves zone.
17:24 of 2nd period - Shot by Jack Rodewald.
17:24 of 2nd period - Stopped by Philippe Desrosiers with a rebound.
17:26 of 2nd period - Shot by Brett Seney.
17:26 of 2nd period - Shot Misses the Net.
17:30 of 2nd period - Shot by Gregory Hofmann.
17:30 of 2nd period - Shot Misses the Net.
17:32 of 2nd period - Shot by Gregory Hofmann.
17:32 of 2nd period - Stopped by Philippe Desrosiers without a rebound.
17:33 of 2nd period - Linus Olund wins face-off versus Tanner Kero in Gulls zone.
17:33 of 2nd period - Linus Olund is hit by Jamie Devane.
18:52 of 2nd period - Shot by Scott Kosmachuk.
18:52 of 2nd period - Shot Misses the Net.
18:54 of 2nd period - Shot by Tommy Cross.
18:54 of 2nd period - Shot Misses the Net.
19:06 of 2nd period - Shot by Artur Gavrus.
19:06 of 2nd period - Shot Misses the Net.
19:08 of 2nd period - Shot by Artur Gavrus.
19:08 of 2nd period - Shot Misses the Net.
19:42 of 2nd period - Shot by Dylan Sikura.
19:42 of 2nd period - Shot Misses the Net.
19:47 of 2nd period - Icing by Ryan Stanton.
19:48 of 2nd period - Linus Olund wins face-off versus Gregory Hofmann in Wolves zone.
Goals for this period are 1 for Gulls vs 1 for Wolves.
Shots for this period are 12 for Gulls vs 9 for Wolves.

3rd period


0:01 of 3rd period - Calvin Thurkauf wins face-off versus Gregory Hofmann in neutral zone.
0:39 of 3rd period - Dylan Sikura is hit by Radim Simek and loses puck.
0:53 of 3rd period - Brett Seney is hit by Mathias Laferriere.
1:06 of 3rd period - Icing by Dalton Smith.
1:07 of 3rd period - Linus Olund wins face-off versus Tanner Kero in Gulls zone.
1:22 of 3rd period - Shot by Dalton Smith.
1:22 of 3rd period - Stopped by Felix Sandström without a rebound.
1:23 of 3rd period - David Cotton wins face-off versus Alex Limoges in Wolves zone.
1:28 of 3rd period - TJ Hensick is hit by Adam Helewka and loses puck.
1:29 of 3rd period - TJ Hensick from Gulls is injured at 1:29 of 3rd period (Strained Back).
1:30 of 3rd period - Alex Limoges wins face-off versus Tanner Kero in Gulls zone.
1:30 of 3rd period - Alex Limoges is hit by Jamie Devane.
1:57 of 3rd period - Icing by Gustav Bouramman.
1:58 of 3rd period - David Cotton wins face-off versus Alex Limoges in Gulls zone.
2:14 of 3rd period - Off-side.
2:15 of 3rd period - Linus Olund wins face-off versus Gregory Hofmann in neutral zone.
2:18 of 3rd period - Shot by Mirco Mueller.
2:18 of 3rd period - Shot Blocked by Radim Simek.
2:22 of 3rd period - Shot by Dalton Smith.
2:22 of 3rd period - Stopped by Felix Sandström without a rebound.
2:23 of 3rd period - Gregory Hofmann wins face-off versus Linus Olund in Wolves zone.
2:28 of 3rd period - Jack Rodewald is hit by Linus Olund.
2:38 of 3rd period - Shot by Jack Rodewald.
2:38 of 3rd period - Stopped by Philippe Desrosiers without a rebound.
2:39 of 3rd period - Alex Limoges wins face-off versus Tanner Kero in Gulls zone.
3:30 of 3rd period - Shot by Gregory Hofmann.
3:30 of 3rd period - Stopped by Philippe Desrosiers with a rebound.
3:32 of 3rd period - Shot by Gregory Hofmann.
3:32 of 3rd period - Stopped by Philippe Desrosiers without a rebound.
3:33 of 3rd period - Mark Jankowski wins face-off versus Mathias Laferriere in Gulls zone.
3:59 of 3rd period - Off-side.
4:00 of 3rd period - Gregory Hofmann wins face-off versus Calvin Thurkauf in neutral zone.
5:03 of 3rd period - Shot by Phil Di Giuseppe.
5:03 of 3rd period - Shot Misses the Net.
5:07 of 3rd period - Shot by Alex Limoges.
5:07 of 3rd period - Deflect By Phil Di Giuseppe.
5:07 of 3rd period - Stopped by Felix Sandström with a rebound.
5:22 of 3rd period - Icing by Ryan Shea.
5:23 of 3rd period - Tanner Kero wins face-off versus Linus Olund in Gulls zone.
5:23 of 3rd period - Ryan Stanton is hit by Dmitry Kulikov and loses puck.
5:32 of 3rd period - Shot by Garrett Mitchell.
5:32 of 3rd period - Stopped by Philippe Desrosiers without a rebound.
5:33 of 3rd period - Linus Olund wins face-off versus Scott Kosmachuk in Gulls zone.
5:46 of 3rd period - Shot by Mark Jankowski.
5:46 of 3rd period - Shot Misses the Net.
5:48 of 3rd period - Shot by Tommy Cross.
5:48 of 3rd period - Shot Misses the Net.
5:57 of 3rd period - Dalton Smith is hit by Mark Jankowski and loses puck.
6:47 of 3rd period - Alex Limoges is hit by Ryan Stanton and loses puck.
7:26 of 3rd period - Shot by David Cotton.
7:26 of 3rd period - Shot Misses the Net.
7:28 of 3rd period - Shot by Mitchell Vande Sompel.
7:28 of 3rd period - Stopped by Philippe Desrosiers without a rebound.
7:29 of 3rd period - Calvin Thurkauf wins face-off versus Gregory Hofmann in Gulls zone.
7:41 of 3rd period - Lukas Vejdemo is hit by Tommy Cross and loses puck.
7:57 of 3rd period - Icing by Gregory Hofmann.
7:58 of 3rd period - Gregory Hofmann wins face-off versus Linus Olund in Wolves zone.
8:31 of 3rd period - Shot by Sam Kurker.
8:31 of 3rd period - Stopped by Felix Sandström without a rebound.
8:32 of 3rd period - Mark Jankowski wins face-off versus Alex Limoges in Wolves zone.
8:32 of 3rd period - Mark Jankowski is hit by Alex Limoges.
8:42 of 3rd period - Shot by Mark Jankowski.
8:42 of 3rd period - Shot Hit the Post.
8:44 of 3rd period - Shot by Scott Kosmachuk.
8:44 of 3rd period - Shot Misses the Net.
8:53 of 3rd period - Minor Penalty to Dmitry Kulikov for Holding.
8:54 of 3rd period - Tanner Kero wins face-off versus Alex Limoges in Gulls zone.
9:05 of 3rd period - Shot by Matt Tennyson.
9:05 of 3rd period - Shot Misses the Net.
9:07 of 3rd period - Shot by Matt Tennyson.
9:07 of 3rd period - Stopped by Philippe Desrosiers without a rebound.
9:08 of 3rd period - Alex Limoges wins face-off versus Gregory Hofmann in Gulls zone.
9:39 of 3rd period - Shot by Radim Simek.
9:39 of 3rd period - Shot Misses the Net.
9:51 of 3rd period - Icing by Jack Rodewald.
9:52 of 3rd period - Alex Limoges wins face-off versus Gregory Hofmann in Wolves zone.
9:58 of 3rd period - Icing by Brett Seney.
9:59 of 3rd period - Alex Limoges wins face-off versus Gregory Hofmann in Wolves zone.
10:38 of 3rd period - Shot by Matt Tennyson.
10:38 of 3rd period - Stopped by Philippe Desrosiers with a rebound.
10:40 of 3rd period - Shot by Ryan Stanton.
10:40 of 3rd period - Stopped by Philippe Desrosiers without a rebound.
10:41 of 3rd period - Alex Limoges wins face-off versus Gregory Hofmann in Gulls zone.
11:14 of 3rd period - Louie Belpedio is hit by Lukas Vejdemo and loses puck.
11:25 of 3rd period - Shot by Lukas Vejdemo.
11:25 of 3rd period - Shot Blocked by Tommy Cross.
11:27 of 3rd period - Shot by Calvin Thurkauf.
11:27 of 3rd period - Shot Misses the Net.
11:29 of 3rd period - Shot by Dmitry Kulikov.
11:29 of 3rd period - Shot Blocked by Louie Belpedio.
12:03 of 3rd period - Shot by Dalton Smith.
12:03 of 3rd period - Stopped by Felix Sandström with a rebound.
12:05 of 3rd period - Shot by Linus Olund.
12:05 of 3rd period - Stopped by Felix Sandström with a rebound.
12:07 of 3rd period - Shot by Mirco Mueller.
12:07 of 3rd period - Shot Misses the Net.
12:13 of 3rd period - Shot by Mathias Laferriere.
12:13 of 3rd period - Shot Misses the Net.
12:28 of 3rd period - Minor Penalty to Jack Rodewald for Hooking.
12:29 of 3rd period - Alex Limoges wins face-off versus Brett Seney in Wolves zone.
12:30 of 3rd period - Shot by Ryan Shea.
12:30 of 3rd period - Stopped by Felix Sandström with a rebound.
12:32 of 3rd period - Shot by Dmitry Kulikov.
12:32 of 3rd period - Shot Blocked by Mitchell Vande Sompel.
12:46 of 3rd period - Shot by Arnaud Durandeau.
12:46 of 3rd period - Goal by Arnaud Durandeau - Gulls : 3 - Wolves : 2.
12:47 of 3rd period - Mark Jankowski wins face-off versus Alex Limoges in neutral zone.
13:11 of 3rd period - Shot by Artur Gavrus.
13:11 of 3rd period - Stopped by Philippe Desrosiers with a rebound.
13:13 of 3rd period - Shot by Mark Jankowski.
13:13 of 3rd period - Shot Misses the Net.
13:15 of 3rd period - Shot by Mark Jankowski.
13:15 of 3rd period - Shot Misses the Net.
13:17 of 3rd period - Shot by Scott Kosmachuk.
13:17 of 3rd period - Stopped by Philippe Desrosiers without a rebound.
13:18 of 3rd period - Mathias Laferriere wins face-off versus Jack Rodewald in Gulls zone.
13:33 of 3rd period - Shot by Gregory Hofmann.
13:33 of 3rd period - Stopped by Philippe Desrosiers with a rebound.
13:35 of 3rd period - Shot by Mitchell Vande Sompel.
13:35 of 3rd period - Stopped by Philippe Desrosiers with a rebound.
13:37 of 3rd period - Shot by Radim Simek.
13:37 of 3rd period - Stopped by Philippe Desrosiers without a rebound.
13:38 of 3rd period - Tanner Kero wins face-off versus Calvin Thurkauf in Gulls zone.
13:42 of 3rd period - Tanner Kero is hit by Dmitry Kulikov and loses puck.
13:51 of 3rd period - Shot by Dylan Sikura.
13:51 of 3rd period - Shot Misses the Net.
13:53 of 3rd period - Shot by Lukas Vejdemo.
13:53 of 3rd period - Stopped by Felix Sandström with a rebound.
14:05 of 3rd period - Calvin Thurkauf is hit by Ryan Stanton and loses puck.
14:19 of 3rd period - Minor Penalty to Linus Olund for Interference.
14:20 of 3rd period - Gregory Hofmann wins face-off versus Alex Limoges in Gulls zone.
14:33 of 3rd period - Shot by Mitchell Vande Sompel.
14:33 of 3rd period - Stopped by Philippe Desrosiers with a rebound.
14:35 of 3rd period - Shot by Jack Rodewald.
14:35 of 3rd period - Deflect By Brett Seney.
14:35 of 3rd period - Stopped by Philippe Desrosiers without a rebound.
14:36 of 3rd period - Gregory Hofmann wins face-off versus Alex Limoges in Gulls zone.
14:37 of 3rd period - Shot by Jack Rodewald.
14:37 of 3rd period - Stopped by Philippe Desrosiers with a rebound.
14:39 of 3rd period - Shot by Brett Seney.
14:39 of 3rd period - Stopped by Philippe Desrosiers without a rebound.
14:40 of 3rd period - Alex Limoges wins face-off versus Gregory Hofmann in Gulls zone.
14:54 of 3rd period - Lucas Carlsson is hit by Jack Rodewald and loses puck.
15:01 of 3rd period - Shot by Mitchell Vande Sompel.
15:01 of 3rd period - Shot Misses the Net.
15:03 of 3rd period - Shot by Gregory Hofmann.
15:03 of 3rd period - Shot Misses the Net.
15:05 of 3rd period - Shot by Jack Rodewald.
15:05 of 3rd period - Shot Misses the Net.
15:11 of 3rd period - Shot by Gregory Hofmann.
15:11 of 3rd period - Shot Misses the Net.
15:13 of 3rd period - Shot by Gregory Hofmann.
15:13 of 3rd period - Shot Misses the Net.
16:15 of 3rd period - Shot by Gregory Hofmann.
16:15 of 3rd period - Stopped by Philippe Desrosiers without a rebound.
16:16 of 3rd period - Alex Limoges wins face-off versus Gregory Hofmann in Gulls zone.
16:29 of 3rd period - Off-side.
16:30 of 3rd period - David Cotton wins face-off versus Linus Olund in neutral zone.
16:41 of 3rd period - Shot by David Cotton.
16:41 of 3rd period - Stopped by Philippe Desrosiers with a rebound.
16:43 of 3rd period - Shot by Tommy Cross.
16:43 of 3rd period - Stopped by Philippe Desrosiers without a rebound.
16:44 of 3rd period - Gregory Hofmann wins face-off versus Dylan Sikura in Gulls zone.
16:57 of 3rd period - Shot by Dylan Sikura.
16:57 of 3rd period - Shot Misses the Net.
17:02 of 3rd period - Calvin Thurkauf is hit by Radim Simek and loses puck.
17:26 of 3rd period - Icing by Radim Simek.
17:27 of 3rd period - Brett Seney wins face-off versus Linus Olund in Wolves zone.
17:54 of 3rd period - Shot by Linus Olund.
17:54 of 3rd period - Deflect By Dalton Smith.
17:54 of 3rd period - Shot Misses the Net.
17:56 of 3rd period - Shot by Dalton Smith.
17:56 of 3rd period - Shot Misses the Net.
17:58 of 3rd period - Shot by Linus Olund.
17:58 of 3rd period - Stopped by Felix Sandström without a rebound.
17:59 of 3rd period - Alex Limoges wins face-off versus Scott Kosmachuk in Wolves zone.
18:33 of 3rd period - Icing by Louie Belpedio.
18:34 of 3rd period - Mark Jankowski wins face-off versus Linus Olund in Wolves zone.
18:42 of 3rd period - Off-side.
18:43 of 3rd period - Gregory Hofmann wins face-off versus Linus Olund in neutral zone.
18:46 of 3rd period - Shot by Gregory Hofmann.
18:46 of 3rd period - Shot Blocked by Lucas Carlsson.
18:49 of 3rd period - Icing by Lucas Carlsson.
18:50 of 3rd period - Gregory Hofmann wins face-off versus Linus Olund in Gulls zone.
18:54 of 3rd period - Icing by Mirco Mueller.
18:55 of 3rd period - Gregory Hofmann wins face-off versus Linus Olund in Gulls zone.
18:58 of 3rd period - Shot by Brett Seney.
18:58 of 3rd period - Deflect By Gregory Hofmann.
18:58 of 3rd period - Stopped by Philippe Desrosiers without a rebound.
18:59 of 3rd period - Gregory Hofmann wins face-off versus Calvin Thurkauf in Gulls zone.
19:00 of 3rd period - Wolves, Felix Sandström is pulled from the net.
19:06 of 3rd period - Shot by Jack Rodewald.
19:06 of 3rd period - Shot Misses the Net.
19:24 of 3rd period - Shot by Dylan Sikura.
19:24 of 3rd period - Shot Hit the Post.
19:36 of 3rd period - Radim Simek is hit by Calvin Thurkauf and loses puck.
Goals for this period are 1 for Gulls vs 0 for Wolves.
Shots for this period are 10 for Gulls vs 21 for Wolves.